PCL
TEXARKANA BEARS @ SAN JOSE MISSIONS
08/18/2027
 
TOP OF THE 1ST
Texarkana Bears batting - Pitching for San Jose Missions : RHP Mark Bidwell
Pitching: RHP Mark Bidwell
Batting: RHB Tony Reyes 0-0: Called Strike
0-1: Ball
1-1: Ball
2-1: Called Strike
2-2: SINGLE (Groundball, 4MD)
Batting: LHB Sam Barnes 0-0: Swinging Strike
0-1: Ball
1-1: Swinging Strike
1-2: Strikes out looking
Batting: RHB Keith Ford 0-0: Foul Ball, location: 2F
0-1: Fly out, F4 (Popup, 4D)
Batting: RHB Taki Chikafuji 0-0: Called Strike
0-1: Called Strike
0-2: Ball
Wild Pitch!
Tony Reyes to second
1-2: Strikes out swinging, 2-3 out at first.
Top of the 1st over - 0 run(s), 1 hit(s), 0 error(s), 1 left on base; Texarkana 0 - San Jose 0
BOTTOM OF THE 1ST
San Jose Missions batting - Pitching for Texarkana Bears : RHP Ron Scott
Pitching: RHP Ron Scott
Batting: SHB Terry Dailey 0-0: Ground out 4-3 (Groundball, 4MS)
Batting: LHB Phil Cantrell 0-0: Ground out 4-3 (Groundball, 34D)
Batting: RHB Dale Taylor 0-0: Fly out, F8 (Flyball, 8RM)
Bottom of the 1st over - 0 run(s), 0 hit(s), 0 error(s), 0 left on base; Texarkana 0 - San Jose 0
TOP OF THE 2ND
Texarkana Bears batting - Pitching for San Jose Missions : RHP Mark Bidwell
Batting: RHB Billy Campbell 0-0: Fly out, F6 (Popup, 6M)
Batting: LHB Tom Mullins 0-0: SINGLE (Flyball, 7S)
Batting: RHB Alberto Velásquez 0-0: Ball
1-0: Called Strike
1-1: Fielders Choice at 2nd, 6-4 (Groundball, 6M)
Batting: LHB Mark Thomas 0-0: Called Strike
Alberto Velásquez steals 2nd base
0-1: Ground out 6-3 (Groundball, 6)
Top of the 2nd over - 0 run(s), 1 hit(s), 0 error(s), 1 left on base; Texarkana 0 - San Jose 0
BOTTOM OF THE 2ND
San Jose Missions batting - Pitching for Texarkana Bears : RHP Ron Scott
Batting: RHB Bob Orr 0-0: Swinging Strike
0-1: Ball
1-1: Swinging Strike
1-2: Strikes out looking
Batting: LHB Miguel Montés 0-0: Called Strike
0-1: Ground out 5-3 (Groundball, 56)
Batting: RHB Peter Bishop 0-0: Called Strike
0-1: Ground out 4-3 (Groundball, 4)
Bottom of the 2nd over - 0 run(s), 0 hit(s), 0 error(s), 0 left on base; Texarkana 0 - San Jose 0
TOP OF THE 3RD
Texarkana Bears batting - Pitching for San Jose Missions : RHP Mark Bidwell
Batting: RHB Steve Garneys 0-0: Ball
1-0: Swinging Strike
1-1: SINGLE (Line Drive, 3)
Batting: RHB Tony Reyes 0-0: Called Strike
Steve Garneys steals 2nd base
0-1: Foul Ball, location: 2F
0-2: Ball
1-2: Ball
2-2: Ball
3-2: Base on Balls
Batting: LHB Sam Barnes 0-0: Ball
1-0: Called Strike
1-1: Ball
2-1: Foul Ball, location: 2F
2-2: Ball
3-2: Base on Balls
Steve Garneys to third
Tony Reyes to second
Batting: RHB Keith Ford 0-0: Ball
1-0: Ball
2-0: Ball
3-0: Called Strike
3-1: GRAND SLAM HOME RUN (Flyball, 9D), Distance : 394 ft
Batting: RHB Taki Chikafuji 0-0: Ball
1-0: Called Strike
1-1: Foul Ball, location: 2F
1-2: Foul Ball, location: 2F
1-2: Ball
2-2: Foul Ball, location: 2F
2-2: Strikes out swinging
Batting: RHB Billy Campbell 0-0: Fly out, F3 (Line Drive, 4)
Batting: LHB Tom Mullins 0-0: Foul Ball, location: 2F
0-1: Ball
1-1: Swinging Strike
1-2: Ball
2-2: SINGLE (Line Drive, 56D)
Batting: RHB Alberto Velásquez 0-0: Called Strike
0-1: Ball
1-1: Foul Ball, location: 2F
1-2: Ball
2-2: Ball
3-2: Foul Ball, location: 2F
3-2: Ground out 1-3 (Groundball, 13)
Top of the 3rd over - 4 run(s), 3 hit(s), 0 error(s), 1 left on base; Texarkana 4 - San Jose 0
BOTTOM OF THE 3RD
San Jose Missions batting - Pitching for Texarkana Bears : RHP Ron Scott
Batting: RHB Andrew Benson 0-0: Ball
1-0: Foul Ball, location: 2F
1-1: Ball
2-1: DOUBLE (Line Drive, 7LD)
Batting: LHB Arturo Rivera 0-0: Called Strike
0-1: Foul Ball, location: 2F
0-2: Hit by Pitch
Batting: RHB Sadao Kato 0-0: Called Strike
0-1: Fly out, F9 (Flyball, 9LS)
Batting: SHB Terry Dailey 0-0: Fielders Choice at 2nd, 4-6 (Groundball, 4)
Andrew Benson to third
Batting: LHB Phil Cantrell 0-0: Ball
1-0: Fly out, F8 (Flyball, 8RD)
Bottom of the 3rd over - 0 run(s), 1 hit(s), 0 error(s), 2 left on base; Texarkana 4 - San Jose 0
TOP OF THE 4TH
Texarkana Bears batting - Pitching for San Jose Missions : RHP Mark Bidwell
Batting: LHB Mark Thomas 0-0: Ball
1-0: Ball
2-0: Ball
3-0: Called Strike
3-1: Called Strike
3-2: Base on Balls
Batting: RHB Steve Garneys 0-0: Foul Ball, location: 2F
0-1: Ball
1-1: Swinging Strike
1-2: Ball
2-2: Ball
3-2: DOUBLE (Line Drive, 7D)
Mark Thomas to third
Runner from 3rd tries for Home, SAFE, no throw
Batting: RHB Tony Reyes 0-0: Swinging Strike
0-1: Ball
1-1: SINGLE (Groundball, 6MD)
Steve Garneys to third
Runner from 3rd tries for Home, throw and OUT!
Batting: LHB Sam Barnes 0-0: Ball
1-0: Ball
2-0: Ball
3-0: Base on Balls
Tony Reyes to second
Batting: RHB Keith Ford 0-0: Foul Ball, location: 2F
0-1: Ball
1-1: Ball
2-1: Ball
3-1: Base on Balls
Tony Reyes to third
Sam Barnes to second
Batting: RHB Taki Chikafuji 0-0: Called Strike
0-1: Swinging Strike
0-2: Strikes out swinging
Pitching: RHP Paul Lewis
Batting: RHB Billy Campbell 0-0: SINGLE (Groundball, 6MD)
Tony Reyes scores
Sam Barnes to third
Keith Ford to second
Runner from 3rd tries for Home, SAFE, no throw
Batting: LHB Tom Mullins 0-0: Called Strike
0-1: Ball
1-1: Fielders Choice at 2nd, 4-6 (Groundball, 4)
Top of the 4th over - 3 run(s), 3 hit(s), 0 error(s), 1 left on base; Texarkana 7 - San Jose 0
BOTTOM OF THE 4TH
San Jose Missions batting - Pitching for Texarkana Bears : RHP Ron Scott
Batting: RHB Dale Taylor 0-0: Foul Ball, location: 2F
0-1: Ball
1-1: Ball
2-1: Fly out, F9 (Flyball, 9D)
Batting: RHB Bob Orr 0-0: Ball
1-0: Reached on error, E2 (Popup, 25)
Batting: LHB Miguel Montés 0-0: Ball
1-0: Swinging Strike
1-1: Foul Ball, location: 2F
1-2: Strikes out swinging
Batting: RHB Peter Bishop 0-0: Ball
1-0: DOUBLE (Flyball, 78M)
Bob Orr to third
Runner from 3rd tries for Home, SAFE, no throw
Batting: RHB Andrew Benson 0-0: Ball
1-0: Called Strike
1-1: Foul Ball, location: 2F
1-2: Ball
2-2: Fly out, F6 (Line Drive, 56D)
Bottom of the 4th over - 1 run(s), 1 hit(s), 1 error(s), 1 left on base; Texarkana 7 - San Jose 1
TOP OF THE 5TH
Texarkana Bears batting - Pitching for San Jose Missions : RHP Paul Lewis
Batting: RHB Alberto Velásquez 0-0: Called Strike
0-1: Ball
1-1: Ground out U3 (Groundball, 34)
Batting: LHB Mark Thomas 0-0: Ball
1-0: Swinging Strike
1-1: Ball
2-1: Foul Ball, location: 2F
2-2: Strikes out looking
Batting: RHB Steve Garneys 0-0: Ball
1-0: Ground out 3-1 (Groundball, 3S)
Top of the 5th over - 0 run(s), 0 hit(s), 0 error(s), 0 left on base; Texarkana 7 - San Jose 1
BOTTOM OF THE 5TH
San Jose Missions batting - Pitching for Texarkana Bears : RHP Ron Scott
Batting: LHB Arturo Rivera 0-0: Ball
1-0: Swinging Strike
1-1: Swinging Strike
1-2: Strikes out swinging
Batting: RHB Sadao Kato 0-0: SINGLE (Groundball, 3D)
Batting: SHB Terry Dailey 0-0: Swinging Strike
0-1: Ball
1-1: Called Strike
1-2: Strikes out swinging
Batting: LHB Phil Cantrell 0-0: Ball
Wild Pitch!
Sadao Kato to second
1-0: Called Strike
1-1: Ball
2-1: SINGLE (Line Drive, 6MD)
Sadao Kato to third
Runner from 3rd tries for Home, SAFE, no throw
Batting: RHB Dale Taylor 0-0: Ball
Phil Cantrell steals 2nd base
1-0: Foul Ball, location: 2F
1-1: Ball
2-1: SINGLE (Groundball, 56D)
Phil Cantrell to third
Runner from 3rd tries for Home, SAFE, no throw
Batting: RHB Bob Orr 0-0: Called Strike
0-1: Ball
1-1: Swinging Strike
1-2: Ball
2-2: Ball
3-2: Strikes out swinging
Bottom of the 5th over - 2 run(s), 3 hit(s), 0 error(s), 1 left on base; Texarkana 7 - San Jose 3
TOP OF THE 6TH
Texarkana Bears batting - Pitching for San Jose Missions : RHP Paul Lewis
Batting: RHB Tony Reyes 0-0: Called Strike
0-1: Ball
1-1: Foul Ball, location: 2F
1-2: Ball
2-2: SINGLE (Line Drive, 7LS)
Batting: LHB Sam Barnes 0-0: Ball
1-0: Ball
2-0: Ball
3-0: Called Strike
3-1: Base on Balls
Tony Reyes to second
Batting: RHB Keith Ford 0-0: Foul Ball, location: 2F
0-1: Swinging Strike
0-2: Ball
1-2: Grounds into double play, 6-4-3 (Groundball, 56)
Tony Reyes to third
Batting: RHB Taki Chikafuji 0-0: Ball
1-0: Swinging Strike
1-1: Foul Ball, location: 2F
1-2: Strikes out swinging
Top of the 6th over - 0 run(s), 1 hit(s), 0 error(s), 1 left on base; Texarkana 7 - San Jose 3
BOTTOM OF THE 6TH
San Jose Missions batting - Pitching for Texarkana Bears : RHP Ron Scott
Batting: LHB Miguel Montés 0-0: Called Strike
0-1: Foul Ball, location: 2F
0-2: Ball
1-2: DOUBLE (Flyball, 7LM)
Batting: RHB Peter Bishop 0-0: Called Strike
0-1: 2-RUN HOME RUN (Flyball, 7D), Distance : 375 ft
Batting: RHB Andrew Benson 0-0: Swinging Strike
0-1: Swinging Strike
0-2: Ball
1-2: Strikes out swinging
Batting: LHB Arturo Rivera 0-0: Called Strike
0-1: Called Strike
0-2: SINGLE (Flyball, 8RS)
Batting: RHB Sadao Kato 0-0: SINGLE (Flyball, 8RS)
Arturo Rivera to second
Runner from 2nd tries for 3rd, SAFE, no throw
Batting: SHB Terry Dailey 0-0: Called Strike
0-1: Swinging Strike
0-2: Fly out, F7 (Flyball, 78M)
Runner from 3rd tags up, SCORES, no throw
Pitching: RHP Asher Zasko
Batting: LHB Phil Cantrell 0-0: Called Strike
0-1: Ball
1-1: Ball
2-1: Swinging Strike
2-2: Ball
3-2: Base on Balls
Sadao Kato to second
Batting: RHB Dale Taylor 0-0: Called Strike
0-1: Ball
1-1: Ball
2-1: SINGLE (Groundball, 56D)
Sadao Kato to third
Phil Cantrell to second
Runner from 3rd tries for Home, SAFE, no throw
Batting: RHB Bob Orr 0-0: Swinging Strike
0-1: Ball
1-1: Ball
2-1: Ball
3-1: Base on Balls
Phil Cantrell to third
Dale Taylor to second
Batting: LHB Miguel Montés 0-0: Ball
1-0: SINGLE (Line Drive, 3D)
Phil Cantrell scores
Dale Taylor to third
Bob Orr to second
Runner from 3rd tries for Home, SAFE, no throw
Batting: RHB Peter Bishop 0-0: Ball
1-0: Ball
2-0: Called Strike
2-1: Called Strike
2-2: Ball
3-2: Fly out, F6 (Popup, 6D)
Bottom of the 6th over - 6 run(s), 6 hit(s), 0 error(s), 2 left on base; Texarkana 7 - San Jose 9
TOP OF THE 7TH
Texarkana Bears batting - Pitching for San Jose Missions : RHP Paul Lewis
Batting: RHB Billy Campbell 0-0: Foul Ball, location: 2F
0-1: SINGLE (Groundball, 6D)
Batting: LHB Tom Mullins 0-0: Called Strike
0-1: 2-RUN HOME RUN (Flyball, 78XD), Distance : 436 ft
Batting: RHB Alberto Velásquez 0-0: Ball
1-0: Called Strike
1-1: Foul Ball, location: 2F
1-2: SINGLE (Line Drive, 9LS)
Batting: LHB Mark Thomas 0-0: Bunted foul
0-1: Sac Bunt - play at first, batter OUT! 1-4
Alberto Velásquez to second
Pinch Hitting: LHB Kent MacDulothe 0-0: Intentional Walk
Batting: RHB Tony Reyes 0-0: Called Strike
Alberto Velásquez steals 3rd base
Kent MacDulothe to second
0-1: Hit by Pitch
Batting: LHB Sam Barnes 0-0: Ball
1-0: Ball
2-0: Foul Ball, location: 2F
2-1: Ball
3-1: Called Strike
3-2: Foul Ball, location: 2F
3-2: Base on Balls
Alberto Velásquez scores
Kent MacDulothe to third
Tony Reyes to second
Batting: RHB Keith Ford 0-0: Ball
1-0: Ball
2-0: Ball
3-0: Called Strike
3-1: Called Strike
3-2: Foul Ball, location: 2F
3-2: Foul Ball, location: 2F
3-2: Foul Ball, location: 2F
3-2: SINGLE (Groundball, 34D)
Kent MacDulothe scores
Tony Reyes to third
Sam Barnes to second
Pitching: RHP José Herrera
Batting: RHB Taki Chikafuji 0-0: Ball
1-0: Called Strike
1-1: Ball
2-1: Ball
3-1: Base on Balls
Tony Reyes scores
Sam Barnes to third
Keith Ford to second
Batting: RHB Billy Campbell 0-0: Ball
1-0: Ball
2-0: Called Strike
2-1: SINGLE (Line Drive, 4MD)
Sam Barnes scores
Keith Ford to third
Taki Chikafuji to second
Batting: LHB Tom Mullins 0-0: Called Strike
0-1: Ball
1-1: Called Strike
1-2: Foul Ball, location: 2F
1-2: Strikes out swinging
Batting: RHB Alberto Velásquez 0-0: DOUBLE (Line Drive, 8RXD)
Keith Ford scores
Taki Chikafuji scores
Billy Campbell to third
Batting: LHB Mark Thomas 0-0: Ball
1-0: Ball
2-0: Ball
Wild Pitch!
Billy Campbell scores
Alberto Velásquez to third
3-0: Base on Balls
Batting: LHB Kent MacDulothe 0-0: SINGLE (Groundball, 56D)
Alberto Velásquez scores
Mark Thomas to second
Batting: RHB Tony Reyes 0-0: Swinging Strike
0-1: DOUBLE (Line Drive, 78M)
Mark Thomas scores
Kent MacDulothe to third
Runner from 3rd tries for Home, SAFE, no throw
Batting: LHB Sam Barnes 0-0: Swinging Strike
0-1: Foul Ball, location: 2F
0-2: DOUBLE (Flyball, 9LD)
Tony Reyes scores
Batting: RHB Keith Ford 0-0: Ball
1-0: Foul Ball, location: 2F
1-1: Fly out, F7 (Flyball, 7LD)
Top of the 7th over - 13 run(s), 9 hit(s), 0 error(s), 1 left on base; Texarkana 20 - San Jose 9
BOTTOM OF THE 7TH
San Jose Missions batting - Pitching for Texarkana Bears : RHP Asher Zasko
Now at SS: Kun Liu
Batting: RHB Andrew Benson 0-0: Ball
1-0: Ball
2-0: Swinging Strike
2-1: Swinging Strike
2-2: Strikes out swinging passed ball, reaches first!
Batting: LHB Arturo Rivera 0-0: Foul Ball, location: 2F
0-1: Foul Ball, location: 2F
0-2: Foul Ball, location: 2F
0-2: SINGLE (Line Drive, 56D)
Andrew Benson to second
Batting: RHB Sadao Kato 0-0: Called Strike
0-1: Ball
1-1: Fly out, F1 (Line Drive, 15)
Batting: SHB Terry Dailey 0-0: Swinging Strike
0-1: Ball
1-1: Called Strike
1-2: Ball
2-2: Strikes out swinging
Batting: LHB Phil Cantrell 0-0: Ball
1-0: DOUBLE (Flyball, 7D)
Andrew Benson scores
Arturo Rivera to third
Runner from 3rd tries for Home, SAFE, no throw
Batting: RHB Dale Taylor 0-0: Ball
1-0: Swinging Strike
1-1: Foul Ball, location: 2F
1-2: Foul Ball, location: 2F
1-2: Foul Ball, location: 2F
1-2: Ball
2-2: Ground out 6-3 (Groundball, 6)
Bottom of the 7th over - 2 run(s), 2 hit(s), 0 error(s), 1 left on base; Texarkana 20 - San Jose 11
TOP OF THE 8TH
Texarkana Bears batting - Pitching for San Jose Missions : RHP José Herrera
Batting: RHB Taki Chikafuji 0-0: Called Strike
0-1: Ball
1-1: SINGLE (Groundball, 34D)
Batting: RHB Billy Campbell 0-0: Ball
Taki Chikafuji steals 2nd base
1-0: Ground out 5-3 (Groundball, 5)
Batting: LHB Tom Mullins 0-0: Ball
1-0: Ball
2-0: Ball
3-0: Called Strike
3-1: Called Strike
3-2: Base on Balls
Batting: RHB Alberto Velásquez 0-0: Ball
1-0: SINGLE (Line Drive, 9S)
Taki Chikafuji to third
Tom Mullins to second
Batting: LHB Mark Thomas 0-0: Ball
1-0: Ball
2-0: Ball
3-0: Called Strike
3-1: Foul Ball, location: 2F
Balk!
Taki Chikafuji scores
Tom Mullins to third
Alberto Velásquez to second
3-2: Foul Ball, location: 2F
3-2: Base on Balls
Batting: RHB Kun Liu 0-0: Foul Ball, location: 2F
0-1: Ball
1-1: Foul Ball, location: 2F
1-2: Ball
2-2: Strikes out swinging
Batting: RHB Tony Reyes 0-0: DOUBLE (Flyball, 8LXD)
Tom Mullins scores
Alberto Velásquez scores
Mark Thomas to third
Runner from 3rd tries for Home, SAFE, no throw
Batting: LHB Sam Barnes 0-0: Swinging Strike
0-1: Called Strike
0-2: Ball
1-2: Ball
Passed Ball!
Tony Reyes to third
2-2: Foul Ball, location: 2F
2-2: Strikes out swinging
Top of the 8th over - 4 run(s), 3 hit(s), 0 error(s), 1 left on base; Texarkana 24 - San Jose 11
BOTTOM OF THE 8TH
San Jose Missions batting - Pitching for Texarkana Bears : RHP Asher Zasko
Batting: RHB Bob Orr 0-0: Ball
1-0: Foul Ball, location: 2F
1-1: Foul Ball, location: 2F
1-2: Foul Ball, location: 2F
1-2: Strikes out swinging
Batting: LHB Miguel Montés 0-0: Called Strike
0-1: Ball
1-1: Foul Ball, location: 2F
1-2: Fly out, F7 (Flyball, 78D)
Batting: RHB Peter Bishop 0-0: Ball
1-0: Fly out, F9 (Flyball, 9LSF)
Bottom of the 8th over - 0 run(s), 0 hit(s), 0 error(s), 0 left on base; Texarkana 24 - San Jose 11
TOP OF THE 9TH
Texarkana Bears batting - Pitching for San Jose Missions : RHP José Herrera
Batting: RHB Keith Ford 0-0: Called Strike
0-1: Ball
1-1: Ball
2-1: Called Strike
2-2: Foul Ball, location: 2F
2-2: Ball
3-2: Strikes out swinging
Batting: RHB Taki Chikafuji 0-0: Called Strike
0-1: Foul Ball, location: 2F
0-2: Ball
1-2: Fly out, F8 (Flyball, 8LS)
Batting: RHB Billy Campbell 0-0: Called Strike
0-1: Ball
1-1: SINGLE (Flyball, 8RS)
Batting: LHB Tom Mullins 0-0: Ball
1-0: Ball
2-0: Ball
3-0: Base on Balls
Billy Campbell to second
Batting: RHB Alberto Velásquez 0-0: Called Strike
0-1: Ball
1-1: Fly out, F9 (Flyball, 89D)
Top of the 9th over - 0 run(s), 1 hit(s), 0 error(s), 2 left on base; Texarkana 24 - San Jose 11
BOTTOM OF THE 9TH
San Jose Missions batting - Pitching for Texarkana Bears : RHP Asher Zasko
Pitching: RHP Vaughan Gillespie
Batting: RHB Andrew Benson 0-0: Ball
1-0: Ball
2-0: Called Strike
2-1: Swinging Strike
2-2: Fly out, F7 (Flyball, 7)
Batting: LHB Arturo Rivera 0-0: Ball
1-0: Ball
2-0: Ball
3-0: Base on Balls
Batting: RHB Sadao Kato 0-0: Called Strike
0-1: Ball
1-1: Ball
2-1: Fly out, F8 (Flyball, 8RD)
Batting: SHB Terry Dailey 0-0: Ball
1-0: Fielders Choice at 2nd, 4-6 (Groundball, 34)
Bottom of the 9th over - 0 run(s), 0 hit(s), 0 error(s), 0 left on base; Texarkana 24 - San Jose 11
Thursday, March 30th, 2017 - OOTP Baseball 17.12 Build 75